 Dungeon Crawl Stone Soup version 0.31-a0-210-gccc998df9b (webtiles) character file.

Game seed: 17130490367739080750

401 qw the Chopper (level 6, -4/38 HPs)
             Began as a Gargoyle Fighter on June 30, 2023.
             Slain by an ogre
             ... wielding a +0 giant spiked club
              (10 damage)
             ... on level 5 of the Dungeon.
             The game lasted 00:01:35 (3569 turns).

qw the Chopper (Gargoyle Fighter)                   Turns: 3569, Time: 00:01:35

Health: -4/38      AC: 15    Str: 22    XL:     6   Next: 85%
Magic:  6/6        EV:  6    Int:  8    God:
Gold:   225        SH:  4    Dex:  9    Spells: 5/5 levels left

rFire   . . .        Y - +0 war axe
rCold   . . .        c - +0 buckler
rNeg    + . .        f - +0 plate armour
rPois   inf          (no helmet)
rElec   +            (no cloak)
rCorr   .            (no gloves)
SInv    .            (no boots)
Will    .....        (no amulet) Stlth
                     (no ring)
HPRegen 0.26/turn    (no ring)
MPRegen 0.10/turn

%: no passive effects
@: no status effects
A: sickness immunity, AC +4, negative energy resistance 1, electricity
resistance, torment resistance 1, petrification resistance
a: no special abilities


You were on level 5 of the Dungeon.
You visited 1 branch of the dungeon, and saw 5 of its levels.

You collected 263 gold pieces.
You spent 38 gold pieces at shops.


Innate Abilities, Weirdness & Mutations

You are immune to sickness and miasma.
Your stone body is resilient. (AC +4)
You are immune to poison.
You resist negative energy. (rN+)
You are resistant to electric shocks. (rElec)
You are resistant to unholy torment.
You are immune to petrification.


   Skills:
 - Level 4.1 Fighting
 + Level 5.9 Axes
 - Level 3.2 Armour
 - Level 1.0 Dodging
 - Level 3.2 Shields


You had 5 spell levels left.
You didn't know any spells.
Your spell library was empty.

Inventory:

Hand Weapons
 o - a +0 flail
 Y - a +0 war axe (weapon)
Missiles
 m - 2 boomerangs (quivered)
Armour
 c - a +0 buckler (worn)
 f - a +0 plate armour (worn)
Jewellery
 h - a ring of fire
Potions
 a - a potion of curing
 d - 2 potions of might
 e - a potion of heal wounds {unknown}
 g - a potion of attraction
 j - a potion of lignification {unknown}
 k - a potion of magic {unknown}

Dungeon Overview and Level Annotations

Branches:
Dungeon (5/15)
 Temple: D:4-7

Altars:
Cheibriados
Makhleb
Ru
Sif Muna
Trog
Uskayaw
Xom

Shops:
D:4 (


Message History

The boomerang hits the iguana but does no damage.
The iguana is moderately wounded.
You throw a boomerang.
The boomerang completely misses the iguana.
You throw a boomerang.
The boomerang closely misses the iguana.
The howler monkey howls!
The boomerang hits the ogre and shatters for extra damage.
The ogre is lightly wounded.
You closely miss the iguana.
The iguana is moderately wounded.
The iguana bites you.
You hit the iguana.
The iguana is severely wounded.
You block the iguana's attack.
You barely miss the iguana.
The iguana is severely wounded.
The howler monkey hoots and howls with incredible vigour!
The iguana closely misses you.
You completely miss the iguana.
The iguana is severely wounded.
The iguana bites you but does no damage. x2
You hit the iguana.
The iguana is almost dead.
The iguana bites you but does no damage.
The howler monkey hoots and howls with incredible vigour!
You closely miss the iguana.
The iguana is almost dead.
The iguana bites you!
You hit the iguana.
You kill the iguana!
You completely miss the ogre.
The ogre hits you with a +0 giant spiked club!!
Ouch! That really hurt!
You barely miss the ogre. You block the ogre's attack.
You slash the ogre!
The ogre is heavily wounded.
The ogre hits you with a +0 giant spiked club!
You die...

#####
......#################
......'hO@............#
......##############.##
..... #.# .hO. #.# ...
#.# .. #.# . ########.#
#<.......# ##########


You could see an ogre and a howler monkey.

Vanquished Creatures
  A phantom (D:3)
  A scorpion (D:4)
  A hound (D:4)
  An orc priest (D:3)
  A jelly (D:4)
  2 iguanas
  A gnoll (D:1)
  5 adders
  2 worms
  5 dart slugs
  4 orcs
  4 ball pythons
  4 endoplasms
  5 giant cockroaches
  4 goblins
  6 hobgoblins
  A quokka (D:2)
  8 bats
  2 frilled lizards (D:2)
  7 kobolds
  8 rats
73 creatures vanquished.

Notes
Turn   | Place    | Note
-------+----------+-------------------------------------------
     0 | D:1      | qw the Gargoyle Fighter began the quest for the Orb.
     0 | D:1      | Reached XP level 1. HP: 14/14 MP: 1/1
     0 | D:1      | 0 ||| qw: Version: 0.3-a-26-gee661ec
     0 | D:1      | 0 ||| qw: Game counter: 7264
     0 | D:1      | 0 ||| qw: Melee chars always use a shield: true
     0 | D:1      | 0 ||| qw: God list: Okawaru
     0 | D:1      | 0 ||| qw: Allow faded altars: false
     0 | D:1      | 0 ||| qw: Do Orc after clearing Dungeon:15 true
     0 | D:1      | 0 ||| qw: Do second Lair branch before Depths: true
     0 | D:1      | 0 ||| qw: Lair rune preference: random
     0 | D:1      | 0 ||| qw: Goals: Normal, Zot:1-4, Slime:5, God:TSO, Crypt,
                  | Tomb, Abyss, Pan, Hells, Win
     0 | D:1      | 0 ||| PLANNING D:1-11
    18 | D:1      | Reached skill level 2 in Axes
    51 | D:1      | HP: 3/14 [gnoll/+0 club (1)]
    55 | D:1      | Reached XP level 2. HP: 6/19 MP: 2/2
   122 | D:1      | Found a faded altar of an unknown god.
   299 | D:1      | Reached skill level 3 in Axes
   368 | D:1      | Reached XP level 3. HP: 23/23 MP: 3/3
   477 | D:1      | 477 ||| FLEEEEING.
   478 | D:1      | 478 ||| FLEEEEING.
   639 | D:1      | 639 ||| Stepping ~*~*~tactically~*~*~ (hiding).
  1002 | D:1      | 1002 ||| READING scroll labelled WIMAIF NARAH.
  1003 | D:1      | 1003 ||| READING scroll labelled HYJYECHENK.
  1229 | D:2      | 1229 ||| Stepping ~*~*~tactically~*~*~ (stealth).
  1252 | D:2      | 1252 ||| Stepping ~*~*~tactically~*~*~ (stealth).
  1260 | D:2      | Reached XP level 4. HP: 19/28 MP: 4/4
  1460 | D:2      | 1460 ||| DROPPING +0 whip.
  1550 | D:2      | Reached skill level 4 in Axes
  1592 | D:2      | Found a shimmering altar of Xom.
  1654 | D:2      | 1654 ||| READING scroll labelled XIUF YFERO.
  1655 | D:2      | 1655 ||| DRINKING 2 brown potions.
  1656 | D:2      | 1656 ||| DRINKING 2 black potions.
  1709 | D:3      | Found a snail-covered altar of Cheibriados.
  1724 | D:3      | 1724 ||| Stepping ~*~*~tactically~*~*~ (hiding).
  1759 | D:3      | Found a shimmering blue altar of Sif Muna.
  1957 | D:3      | Noticed a phantom
  1966 | D:3      | Killed a phantom
  1967 | D:3      | Reached skill level 5 in Axes
  1967 | D:3      | Reached XP level 5. HP: 32/32 MP: 5/5
  2006 | D:3      | 2006 ||| Stepping ~*~*~tactically~*~*~ (stealth).
  2029 | D:3      | 2029 ||| Stepping ~*~*~tactically~*~*~ (hiding).
  2324 | D:3      | Found a sacrificial altar of Ru.
  2358 | D:3      | 2358 ||| DROPPING +0 leather armour of positive energy.
  2359 | D:3      | 2359 ||| READING scroll labelled OTHREH XOIQYXU.
  2364 | D:3      | 2364 ||| READING scroll labelled MERUGE NAPROYN.
  2385 | D:3      | 2385 ||| DRINKING 2 fizzy emerald potions.
  2386 | D:3      | 2386 ||| DROPPING potion of brilliance.
  2428 | D:4      | Found a bloodstained altar of Trog.
  2461 | D:4      | Reached skill level 1 in Dodging
  2461 | D:4      | Reached XP level 6. HP: 38/38 MP: 6/6
  2605 | D:4      | HP: 4/38 [acid (10)]
  2846 | D:4      | Found a hide-covered altar of Uskayaw.
  2905 | D:4      | 2905 ||| Stepping ~*~*~tactically~*~*~ (stealth).
  2949 | D:4      | 2949 ||| DROPPING +0 whip of flaming.
  2952 | D:4      | Found a burning altar of Makhleb.
  3037 | D:4      | Found Pueristrokk's Weapon Shoppe.
  3050 | D:4      | 3050 ||| BUYING +0 flail (38 gold).
  3050 | D:4      | Bought a +0 flail for 38 gold pieces
  3050 | D:4      | 3050 ||| DROPPING +0 mace.
  3454 | D:4      | 3454 ||| UPGRADING to +0 plate armour.
  3464 | D:4      | 3464 ||| DROPPING +0 scale mail.
  3465 | D:4      | 3465 ||| READING scroll labelled UMUM DARRELE.
  3466 | D:4      | 3466 ||| READING scroll labelled YCLOUKKAUNI.
  3525 | D:5      | Entered Level 5 of the Dungeon
  3554 | D:5      | 3554 ||| Stepping ~*~*~tactically~*~*~ (stealth).
  3555 | D:5      | 3555 ||| Stepping ~*~*~tactically~*~*~ (stealth).
  3567 | D:5      | HP: 5/38 [ogre/+0 giant spiked club (23)]
  3569 | D:5      | Slain by an ogre

Levels and vault maps discovered:
D:1:      tarquinn_simple_flora_water_e, layout_basic,
          chequers_ecumenical_altar_simple_redux, hangedman_decor_points
D:2:      minmay_skewed_foursquare, layout_rooms, basic_altar
D:3:      wander_river, layout_loops_ring, mainiacjoe_overflow_tiny_flanked,
          nicolae_ru_path_of_blood, mainiacjoe_overflow_boulevard, st_stairs_2
D:4:      layout_loops_corners, makhleb_heckhound_becter, bloody_trog,
          mainiacjoe_overflow_six_doors_small, serial_shops,
          nicolae_shop_window_shopping
D:5:      minmay_angry_zag, layout_basic, dk_yredelemnul_ordeal,
          vehumet_crystals, st_stairs_14, grunt_decor_mini_mirrors

Skill      XL: |  1  2  3  4  5 |
---------------+----------------+-----
Axes           | 2 3 5 |  5.9
Fighting       | 4 |  4.1
Dodging        | 1 |  1.0
Armour         | |  3.2
Shields        | |  3.2

Action                     |  1- 3 |  4- 6 || total
---------------------------+-------+-------++-------
  Melee: War axe           |    87 |   148 ||   235
  Throw: Boomerang         |       |    33 ||    33
    Use: Scroll            |     2 |     5 ||     7
         Potion            |       |     3 ||     3
 Armour: Scale mail        |    37 |    64 ||   101
         Plate armour      |       |     3 ||     3
  Dodge: Dodged            |    35 |    75 ||   110
  Block: Buckler           |    10 |    23 ||    33

Table legend:
 A = Non-vault XP
 B = Vault XP
 C = Vault XP percentage of total XP
 D = Non-vault monster count
 E = Vault monster count
 F = Vault count percentage of total count
                 A         B        C        D         E       F
            +---------+---------+-------+---------+---------+-------
      Total |     515 |      59 |  10.3 |      65 |       8 |  11.0
            +---------+---------+-------+---------+---------+-------
        D:1 |      53 |       0 |   0.0 |      22 |       0 |   0.0
        D:2 |      51 |       7 |  12.1 |      18 |       3 |  14.3
        D:3 |     185 |      10 |   5.1 |      14 |       4 |  22.2
        D:4 |     190 |      42 |  18.1 |      10 |       1 |   9.1
        D:5 |      36 |       0 |   0.0 |       1 |       0 |   0.0
            +---------+---------+-------+---------+---------+-------
